Map: Catalyst LE

Players

IpwnU

  • Race: Protoss Protoss
  • Spawn Location: 11:00

CinDra - Winner!

  • Race: Protoss Protoss
  • League: Gold
  • Spawn Location: 5:00

VOD

Have the link to the VOD?

Description

Time

  • Played on: March 13, 2018, 3:17 p.m.
  • Length: 16:20
Show
View Real Time Build Order
Export as new Build Order

IpwnU Protoss 

Build Orders:  

Get SALT Encoding   

  12  0:02  Probe (Chrono Boost)  
  13  0:14  Pylon  
  13  0:16  Probe (Chrono Boost)  
  14  0:28  Probe  
  14  0:35  Gateway  
  15  0:40  Probe  
  16  0:52  Assimilator  
  16  0:57  Pylon  
  16  0:59  Probe  
  17  1:11  Probe (Chrono Boost)  
  18  1:20  Probe (Chrono Boost)  
  18  1:24  Zealot  
  21  1:28  Cybernetics Core  
  21  1:34  Probe  
  22  1:46  Probe, Pylon  
  23  1:58  Probe  
  24  2:02  Assimilator  
  24  2:05  Stalker (Chrono Boost), Warp Gate (Chrono Boost)  
  26  2:29  Nexus  
  26  2:44  Assimilator  
  26  2:47  Pylon  
  26  2:49  Probe  
  27  3:01  Probe  
  27  3:04  Pylon  
  28  3:13  Probe  
  28  3:15  Gateway  
  29  3:26  Gateway  
  29  3:32  Pylon  
  29  3:40  Stalker  
  31  3:49  Probe (Chrono Boost)  
  32  3:59  Probe (Chrono Boost)  
  33  4:04  Probe (Chrono Boost)  
  34  4:10  Gateway  
  34  4:15  Robotics Facility, Probe  
  35  4:36  Stalker  
  35  4:37  Stalker x2  
  41  4:49  Forge  
  41  4:51  Pylon  
  41  5:02  Probe (Chrono Boost)  
  42  5:10  Nexus  
  42  5:12  Probe (Chrono Boost)  
  43  5:17  Probe (Chrono Boost)  
  44  5:25  Adept x2  
  44  5:26  Adept  
  50  5:38  Probe  
  51  5:43  Protoss Ground Armor Level 1  
  51  5:50  Probe  
  44  6:25  Stalker x2  
  44  6:26  Stalker  
  44  6:31  Probe (Chrono Boost)  
  49  6:42  Probe (Chrono Boost)  
  49  6:44  Probe (Chrono Boost)  
  51  6:51  Probe x2 (Chrono Boost)  
  51  6:53  Zealot x2  
  51  6:54  Zealot x2  
  59  6:56  Probe (Chrono Boost)  
  59  6:57  Probe  
  59  7:00  Immortal  
  67  7:08  Probe  
  68  7:20  Assimilator  
  68  7:24  Probe  
  68  7:27  Assimilator  
  69  7:30  Protoss Ground Weapons Level 1 (Chrono Boost)  
  69  7:32  Assimilator  
  69  7:34  Stalker  
  69  7:35  Stalker  
  69  7:36  Probe  
  74  7:47  Stalker  
  74  7:48  Stalker, Probe  
  79  7:53  Immortal  
  83  7:59  Pylon  
  83  8:01  Pylon  
  83  8:04  Pylon  
  83  8:26  Pylon  
  83  8:32  Immortal (Chrono Boost)  
  83  8:33  Gateway  
  87  8:35  Gateway  
  87  8:45  Robotics Facility  
  87  9:01  Stalker  
  87  9:02  Stalker  
  91  9:03  Stalker x2  
  77  9:36  Stalker x2  
  77  9:37  Stalker  
  73  9:39  Stalker  
  69  10:03  Immortal  
  69  10:04  Immortal  
  77  10:23  Robotics Bay  
  77  10:30  Twilight Council  
  77  10:38  Stalker  
  77  10:39  Stalker  
  81  10:43  Immortal  
  81  10:44  Immortal  
  81  10:46  Stalker  
  81  10:48  Stalker  
  93  11:11  Probe (Chrono Boost)  
  94  11:21  Probe (Chrono Boost)  
  95  11:26  Stalker, Probe (Chrono Boost)  
  95  11:28  Sentry  
  95  11:29  Sentry x2  
  104  11:51  Stalker  
  48  12:31  Immortal  
  48  12:32  Immortal  
  48  12:36  Stalker  
  46  12:37  Stalker x2  
  46  12:38  Stalker  
  55  13:08  Stalker x2  
  55  13:09  Stalker  
  55  13:10  Stalker  
  55  13:11  Immortal x2  
  67  13:39  Stalker  
  67  13:40  Stalker x2  
  67  13:41  Stalker  
  75  13:50  Immortal x2  
  83  13:59  Nexus  
  83  14:10  Stalker  
  83  14:11  Stalker x2  
  83  14:12  Stalker  
  91  14:49  Pylon  
  91  14:51  Pylon  
  91  14:54  Stargate  
  91  14:55  Pylon  
  91  14:57  Pylon  
  91  15:00  Stargate  
  91  15:06  Immortal x2 (Chrono Boost)  
  95  15:38  Immortal  
  61  15:55  Stalker  
  61  15:56  Stalker  
  43  15:57  Stalker  
  43  15:58  Stalker x2  
Show
View Real Time Build Order
Export as new Build Order

CinDra Protoss - Winner!

Build Orders:  

Get SALT Encoding   

  12  0:01  Probe  
  13  0:13  Probe  
  14  0:21  Pylon  
  14  0:25  Probe  
  15  0:39  Probe (Chrono Boost)  
  16  0:49  Gateway  
  16  0:51  Probe (Chrono Boost)  
  17  0:59  Probe (Chrono Boost)  
  17  1:02  Assimilator  
  18  1:05  Probe  
  19  1:18  Probe  
  20  1:30  Probe  
  21  1:38  Cybernetics Core, Pylon  
  21  1:42  Probe  
  23  1:54  Probe  
  23  1:55  Nexus  
  23  2:06  Probe  
  23  2:08  Gateway  
  24  2:12  Warp Gate (Chrono Boost)  
  24  2:24  Stalker (Chrono Boost)  
  24  2:27  Probe  
  27  2:33  Assimilator  
  27  2:39  Probe  
  28  2:49  Pylon  
  28  2:51  Probe  
  28  2:54  Stalker (Chrono Boost)  
  31  3:06  Stalker  
  33  3:13  Pylon  
  33  3:14  Pylon  
  33  3:35  Twilight Council, Gateway  
  33  3:36  Gateway  
  33  3:38  Gateway, Probe  
  33  3:40  Probe  
  35  3:51  Probe  
  35  3:52  Probe  
  37  4:04  Probe  
  37  4:05  Probe  
  37  4:07  Stalker  
  37  4:08  Stalker  
  43  4:16  Probe  
  44  4:17  Probe  
  45  4:28  Probe  
  45  4:29  Nexus, Probe  
  47  4:39  Blink (Chrono Boost)  
  47  4:41  Probe x2  
  49  4:53  Forge  
  49  5:06  Robotics Facility, Stalker  
  51  5:08  Stalker  
  51  5:10  Stalker x2  
  57  5:14  Probe x2  
  59  5:26  Probe  
  59  5:27  Probe  
  61  5:35  Pylon  
  61  5:38  Probe  
  61  5:39  Probe, Assimilator x2  
  61  5:40  Stalker x2  
  67  5:50  Probe  
  67  5:51  Probe x2  
  67  5:54  Observer  
  71  6:02  Probe  
  71  6:03  Probe x2  
  73  6:07  Stalker x3  
  78  6:25  Probe x3  
  79  6:29  Charge (Chrono Boost)  
  79  6:35  Zealot x3  
  85  6:43  Pylon  
  85  6:44  Pylon  
  85  6:48  Pylon  
  85  7:01  Probe x3  
  85  7:03  Protoss Ground Weapons Level 1 (Chrono Boost)  
  88  7:12  Forge  
  88  7:13  Probe x3, Forge  
  88  7:15  Immortal  
  95  7:23  Stalker  
  95  7:24  Stalker x4  
  105  7:32  Pylon  
  106  7:37  Probe x3  
  108  7:44  Pylon  
  108  7:47  Assimilator  
  108  7:49  Assimilator  
  108  7:53  Probe  
  108  7:56  Protoss Shields Level 1 (Chrono Boost), Protoss Ground Armor Level 1 (Chrono Boost)  
  109  8:09  Zealot x2  
  109  8:10  Zealot  
  115  8:18  Immortal  
  119  8:24  Zealot x2  
  123  8:39  Pylon  
  123  8:41  Pylon  
  123  8:42  Pylon  
  123  8:44  Gateway x2  
  123  8:46  Gateway  
  123  8:50  Stalker  
  125  9:06  Immortal  
  111  9:35  Stalker  
  111  9:36  Stalker x4  
  89  9:55  Immortal  
  93  10:02  Stalker x3  
  93  10:03  Stalker x4  
  93  10:04  Stalker  
  109  10:30  Protoss Ground Weapons Level 2 (Chrono Boost), Nexus, Protoss Shields Level 2 (Chrono Boost), Protoss Ground Armor Level 2 (Chrono Boost)  
  109  10:32  Zealot x2  
  109  10:33  Zealot x5, Pylon  
  109  10:34  Zealot  
  125  10:36  Pylon  
  125  10:56  Gateway x2  
  125  10:58  Gateway  
  125  10:59  Gateway  
  125  11:01  Gateway  
  125  11:05  Zealot, Gateway  
  125  11:06  Zealot x5, Gateway x2  
  125  11:07  Zealot x2  
  125  11:09  Warp Prism  
  143  11:43  Stalker x2  
  143  11:44  Stalker x5  
  143  11:45  Stalker  
  159  11:58  Immortal  
  131  12:42  Immortal  
  135  12:47  Zealot x4  
  135  12:48  Zealot x3  
  135  12:49  Zealot x4  
  135  12:50  Zealot x3  
  135  12:51  Zealot  
  165  13:15  Zealot  
  165  13:16  Zealot x4  
  165  13:17  Zealot x2  
  179  13:34  Pylon x2  
  179  13:36  Pylon  
  179  13:40  Protoss Ground Armor Level 3 (Chrono Boost), Protoss Ground Weapons Level 3 (Chrono Boost)  
  179  13:41  Protoss Shields Level 3 (Chrono Boost)  
  179  14:28  Stalker x4  
  179  14:29  Stalker x3  
  179  14:30  Stalker x2  
  197  14:36  Stalker  
  199  15:18  Assimilator x2  
  189  15:41  Stalker x2  
  189  15:42  Stalker x5  
  195  15:43  Stalker x2  
Tags
 
League
Gold
Matchup
PvP
Spawn Locations
Cross Positions
Add a new tag
Caveats
  • Supply blocks, unpowered buildings, or Contaminate may cause inaccurate times.
  • Supply counts are checked every 10 seconds.